TOP OF THE 1ST |
Iowa Hawkeyes batting - Pitching for Texas Longhorns : RHP Tomás Silva
|
Pitching: RHP Tomás Silva
|
|
Batting: SHB Travis Martin
|
0-0: Ball 1-0: SINGLE (Groundball, 34)
|
Batting: RHB Daryl Hale
|
0-0: Ball 1-0: Swinging Strike 1-1: Ball 2-1: SINGLE (Line Drive, 9S) Travis Martin to second
|
Batting: RHB Kelsey Scott
|
0-0: Ball 1-0: Grounds into double play, 5-4-3 (Groundball, 56) Travis Martin to third
|
Batting: RHB Ed Nygaard
|
0-0: Called Strike 0-1: Ball 1-1: Foul Ball, location: 2F 1-2: Ball 2-2: Ball 3-2: Base on Balls
|
Batting: RHB Alexander Barr
|
0-0: Called Strike 0-1: Hit by Pitch Ed Nygaard to second
|
Batting: RHB Juan Escalante
|
0-0: Called Strike 0-1: Ball 1-1: Called Strike 1-2: Fly out, F8 (Flyball, 8RM)
|
Top of the 1st over - 0 run(s), 2 hit(s), 0 error(s), 3 left on base; Iowa 0 - Texas 0 |
BOTTOM OF THE 1ST |
Texas Longhorns batting - Pitching for Iowa Hawkeyes : RHP Eduardo Morales
|
Pitching: RHP Eduardo Morales
|
|
Batting: SHB Randy Anderson
|
0-0: Ball 1-0: Called Strike 1-1: Ball 2-1: Ball 3-1: Foul Ball, location: 2F 3-2: Foul Ball, location: 2F 3-2: Foul Ball, location: 2F 3-2: Foul Ball, location: 2F 3-2: Foul Ball, location: 2F 3-2: Foul Ball, location: 2F 3-2: Base on Balls
|
Batting: RHB Joe Maynard
|
0-0: Ball 1-0: Swinging Strike 1-1: Fly out, F6 (Line Drive, 6)
|
Batting: RHB Joe Rogers
|
0-0: Ball 1-0: Ball 2-0: Ball 3-0: Called Strike 3-1: Swinging Strike 3-2: DOUBLE (Flyball, 8LD) Randy Anderson to third Randy Anderson scores
|
Batting: SHB Ángel González
|
0-0: Foul Ball, location: 2F 0-1: Swinging Strike 0-2: Ball 1-2: Ball 2-2: Ball 3-2: Base on Balls
|
Batting: RHB Eugene Salazar
|
0-0: Foul Ball, location: 2F 0-1: Called Strike 0-2: Strikes out swinging
|
Batting: RHB Edmond Magee
|
0-0: Ball 1-0: Ball 2-0: Called Strike 2-1: Fly out, F8 (Flyball, 8RM)
|
Bottom of the 1st over - 1 run(s), 1 hit(s), 0 error(s), 2 left on base; Iowa 0 - Texas 1 |
TOP OF THE 2ND |
Iowa Hawkeyes batting - Pitching for Texas Longhorns : RHP Tomás Silva
|
Batting: RHB Vaughan Shelton
|
0-0: Fly out, F4 (Popup, 4MD)
|
Batting: RHB John Boyer
|
0-0: Ball 1-0: Ball 2-0: Called Strike 2-1: Ball 3-1: Foul Ball, location: 2F 3-2: Base on Balls
|
Batting: RHB Mike Russell
|
0-0: Ball 1-0: Called Strike 1-1: 2-RUN HOME RUN (Flyball, 8LXD), Distance : 407 ft
|
Batting: SHB Travis Martin
|
0-0: Called Strike 0-1: Fly out, F5 (Popup, 25F)
|
Batting: RHB Daryl Hale
|
0-0: SINGLE (Line Drive, 7S)
|
Batting: RHB Kelsey Scott
|
0-0: Called Strike 0-1: Foul Ball, location: 2F 0-2: Ball 1-2: Ball 2-2: Ball 3-2: Ground out 6-3 (Groundball, 6M)
|
Top of the 2nd over - 2 run(s), 2 hit(s), 0 error(s), 1 left on base; Iowa 2 - Texas 1 |
BOTTOM OF THE 2ND |
Texas Longhorns batting - Pitching for Iowa Hawkeyes : RHP Eduardo Morales
|
Batting: LHB Arlen Powers
|
0-0: Called Strike 0-1: Ball 1-1: Foul Ball, location: 2F 1-2: Strikes out looking
|
Batting: RHB Roberto Hernández
|
0-0: Ground out 5-3 (Groundball, 56)
|
Batting: LHB Dave Tucker
|
0-0: Called Strike 0-1: Ball 1-1: Ball 2-1: Swinging Strike 2-2: Strikes out swinging
|
Bottom of the 2nd over - 0 run(s), 0 hit(s), 0 error(s), 0 left on base; Iowa 2 - Texas 1 |
TOP OF THE 3RD |
Iowa Hawkeyes batting - Pitching for Texas Longhorns : RHP Tomás Silva
|
Batting: RHB Ed Nygaard
|
0-0: Called Strike 0-1: Fly out, F9 (Flyball, 89M)
|
Batting: RHB Alexander Barr
|
0-0: Swinging Strike 0-1: Called Strike 0-2: Fly out, F4 (Popup, 4MD)
|
Batting: RHB Juan Escalante
|
0-0: SINGLE (Line Drive, 7S)
|
Batting: RHB Vaughan Shelton
|
0-0: Called Strike 0-1: SINGLE (Groundball, 34S) Juan Escalante to second Runner from 2nd tries for 3rd, SAFE, throw made to third
|
Batting: RHB John Boyer
|
0-0: SINGLE (Groundball, 5D) Juan Escalante scores Vaughan Shelton to second
|
Batting: RHB Mike Russell
|
0-0: Ball 1-0: Fly out, F9 (Flyball, 9M)
|
Top of the 3rd over - 1 run(s), 3 hit(s), 0 error(s), 2 left on base; Iowa 3 - Texas 1 |
BOTTOM OF THE 3RD |
Texas Longhorns batting - Pitching for Iowa Hawkeyes : RHP Eduardo Morales
|
Batting: SHB Randy Anderson
|
0-0: Fly out, F9 (Flyball, 89M)
|
Batting: RHB Joe Maynard
|
0-0: Ball 1-0: Ground out 1-3 (Groundball, 13S)
|
Batting: RHB Joe Rogers
|
0-0: Called Strike 0-1: Foul Ball, location: 2F 0-2: SINGLE (Groundball, 6MD)
|
Batting: SHB Ángel González
|
0-0: Called Strike 0-1: Ball 1-1: Ball 2-1: Fly out, F9 (Flyball, 9M)
|
Bottom of the 3rd over - 0 run(s), 1 hit(s), 0 error(s), 1 left on base; Iowa 3 - Texas 1 |
TOP OF THE 4TH |
Iowa Hawkeyes batting - Pitching for Texas Longhorns : RHP Tomás Silva
|
Batting: SHB Travis Martin
|
0-0: Foul Ball, location: 2F 0-1: Ball 1-1: Foul Ball, location: 2F 1-2: Ground out 4-3 (Groundball, 34)
|
Batting: RHB Daryl Hale
|
0-0: Fly out, F8 (Flyball, 8LM)
|
Batting: RHB Kelsey Scott
|
0-0: Ball 1-0: Ball 2-0: Ground out 4-3 (Groundball, 34)
|
Top of the 4th over - 0 run(s), 0 hit(s), 0 error(s), 0 left on base; Iowa 3 - Texas 1 |
BOTTOM OF THE 4TH |
Texas Longhorns batting - Pitching for Iowa Hawkeyes : RHP Eduardo Morales
|
Batting: RHB Eugene Salazar
|
0-0: Ball 1-0: Called Strike 1-1: Called Strike 1-2: Ball 2-2: Ball 3-2: Strikes out looking
|
Batting: RHB Edmond Magee
|
0-0: Fly out, F9 (Flyball, 9LM)
|
Batting: LHB Arlen Powers
|
0-0: Called Strike 0-1: Swinging Strike 0-2: Ground out 2-3 (Groundball, 2R)
|
Bottom of the 4th over - 0 run(s), 0 hit(s), 0 error(s), 0 left on base; Iowa 3 - Texas 1 |
TOP OF THE 5TH |
Iowa Hawkeyes batting - Pitching for Texas Longhorns : RHP Tomás Silva
|
Batting: RHB Ed Nygaard
|
0-0: Ball 1-0: Foul Ball, location: 2F 1-1: Ball 2-1: Ball 3-1: Foul Ball, location: 2F
|
|
|
|
3-2: Base on Balls
|
Pitching: RHP Keith Martínez
|
|
Batting: RHB Alexander Barr
|
0-0: Called Strike 0-1: Ball 1-1: Ball 2-1: Foul Ball, location: 2F 2-2: Fly out, F9 (Flyball, 9S)
|
Batting: RHB Juan Escalante
|
0-0: Foul Ball, location: 2F 0-1: Ball 1-1: Fly out, F7 (Line Drive, 78M)
|
Batting: RHB Vaughan Shelton
|
0-0: Ball 1-0: Ball 2-0: Called Strike 2-1: Foul Ball, location: 2F 2-2: Strikes out swinging
|
Top of the 5th over - 0 run(s), 0 hit(s), 0 error(s), 1 left on base; Iowa 3 - Texas 1 |
BOTTOM OF THE 5TH |
Texas Longhorns batting - Pitching for Iowa Hawkeyes : RHP Eduardo Morales
|
Pitching: LHP Johnny Clark
|
|
Batting: RHB Roberto Hernández
|
0-0: SINGLE (Flyball, 78M)
|
Batting: LHB Dave Tucker
|
0-0: Ball 1-0: Foul Ball, location: 2F 1-1: Ball 2-1: Swinging Strike Passed Ball! Roberto Hernández to second 2-2: Strikes out looking
|
Batting: SHB Randy Anderson
|
0-0: Ball 1-0: Fly out, F6 (Line Drive, 6M) 1-0: Lined into DP, U6 (Line Drive, 6M)
|
Bottom of the 5th over - 0 run(s), 1 hit(s), 0 error(s), 0 left on base; Iowa 3 - Texas 1 |
TOP OF THE 6TH |
Iowa Hawkeyes batting - Pitching for Texas Longhorns : RHP Keith Martínez
|
Batting: RHB John Boyer
|
0-0: Called Strike 0-1: Ball 1-1: Swinging Strike 1-2: Fly out, F9 (Line Drive, 89S)
|
Batting: RHB Mike Russell
|
0-0: Ball 1-0: SINGLE (Groundball, 5D)
|
Batting: SHB Travis Martin
|
0-0: Ball 1-0: Ball 2-0: Ball 3-0: Called Strike 3-1: Base on Balls Mike Russell to second
|
Batting: RHB Daryl Hale
|
0-0: Ball 1-0: Grounds into double play, 5-4-3 (Groundball, 56)
|
Top of the 6th over - 0 run(s), 1 hit(s), 0 error(s), 1 left on base; Iowa 3 - Texas 1 |
BOTTOM OF THE 6TH |
Texas Longhorns batting - Pitching for Iowa Hawkeyes : LHP Johnny Clark
|
Now at SS: Cory Thompson
|
|
Batting: RHB Joe Maynard
|
0-0: Ball 1-0: Ball 2-0: Called Strike 2-1: Ball 3-1: Base on Balls
|
Batting: RHB Joe Rogers
|
0-0: Fly out, F9 (Flyball, 9LM)
|
Batting: SHB Ángel González
|
0-0: Ball 1-0: Foul Ball, location: 2F 1-1: Ball 2-1: Ball 3-1: Base on Balls Joe Maynard to second
|
Batting: RHB Eugene Salazar
|
0-0: Swinging Strike 0-1: Foul Ball, location: 2F 0-2: Foul Ball, location: 2F 0-2: Foul Ball, location: 2F 0-2: Ball 1-2: Ball 2-2: Strikes out looking
|
Batting: RHB Edmond Magee
|
0-0: Ball 1-0: Ball 2-0: Called Strike 2-1: Ball Wild Pitch! Joe Maynard to third Ángel González to second 3-1: Fly out, F3 (Line Drive, 3)
|
Bottom of the 6th over - 0 run(s), 0 hit(s), 0 error(s), 2 left on base; Iowa 3 - Texas 1 |
TOP OF THE 7TH |
Iowa Hawkeyes batting - Pitching for Texas Longhorns : RHP Keith Martínez
|
Pitching: RHP Shane Thompson
|
|
Batting: RHB Kelsey Scott
|
0-0: Ball 1-0: Called Strike 1-1: Foul Ball, location: 2F 1-2: Foul Ball, location: 2F 1-2: Strikes out swinging
|
Batting: RHB Ed Nygaard
|
0-0: Called Strike 0-1: Foul Ball, location: 2F 0-2: Ball 1-2: Strikes out looking
|
Batting: RHB Alexander Barr
|
0-0: Called Strike 0-1: Reached on error, E5 (Groundball, 56S)
|
Batting: RHB Juan Escalante
|
0-0: Foul Ball, location: 2F 0-1: Fly out, F4 (Line Drive, 34)
|
Top of the 7th over - 0 run(s), 0 hit(s), 1 error(s), 1 left on base; Iowa 3 - Texas 1 |
BOTTOM OF THE 7TH |
Texas Longhorns batting - Pitching for Iowa Hawkeyes : LHP Johnny Clark
|
Batting: LHB Arlen Powers
|
0-0: Ball 1-0: Ball 2-0: Ball 3-0: Base on Balls
|
Pitching: LHP Peter Connolly
|
|
Batting: RHB Roberto Hernández
|
0-0: Ball 1-0: Ball 2-0: Foul Ball, location: 2F 2-1: Bunt missed! 2-2: Ball 3-2: Base on Balls Arlen Powers to second
|
Batting: LHB Dave Tucker
|
0-0: Called Strike 0-1: Ball 1-1: Foul Ball, location: 2F 1-2: Ball 2-2: Ball 3-2: Foul Ball, location: 2F 3-2: Foul Ball, location: 2F 3-2: Foul Ball, location: 2F 3-2: Base on Balls Arlen Powers to third Roberto Hernández to second
|
Batting: SHB Randy Anderson
|
0-0: Foul Ball, location: 2F 0-1: Ball 1-1: Ball 2-1: Called Strike 2-2: Foul Ball, location: 2F 2-2: Strikes out swinging
|
Batting: RHB Joe Maynard
|
0-0: Ball 1-0: Foul Ball, location: 2F 1-1: Swinging Strike 1-2: Strikes out swinging
|
Batting: RHB Joe Rogers
|
0-0: Called Strike 0-1: Ball 1-1: Ball 2-1: Ball 3-1: Called Strike 3-2: Base on Balls Arlen Powers scores Roberto Hernández to third Dave Tucker to second
|
Batting: SHB Ángel González
|
0-0: Called Strike 0-1: Ball 1-1: Ball Wild Pitch! Roberto Hernández scores Dave Tucker to third Joe Rogers to second 2-1: Foul Ball, location: 2F 2-2: Ball 3-2: Foul Ball, location: 2F 3-2: Fly out, F9 (Flyball, 9LM)
|
Bottom of the 7th over - 2 run(s), 0 hit(s), 0 error(s), 2 left on base; Iowa 3 - Texas 3 |
TOP OF THE 8TH |
Iowa Hawkeyes batting - Pitching for Texas Longhorns : RHP Shane Thompson
|
Batting: RHB Cory Thompson
|
0-0: Ground out 6-3 (Groundball, 6)
|
Batting: RHB John Boyer
|
0-0: Called Strike 0-1: Ball 1-1: Swinging Strike 1-2: Ball 2-2: Strikes out swinging
|
Batting: RHB Mike Russell
|
0-0: Ball 1-0: Called Strike 1-1: Ball 2-1: Ball 3-1: Foul Ball, location: 2F 3-2: Foul Ball, location: 2F 3-2: Foul Ball, location: 2F 3-2: Foul Ball, location: 2F 3-2: Strikes out swinging
|
Top of the 8th over - 0 run(s), 0 hit(s), 0 error(s), 0 left on base; Iowa 3 - Texas 3 |
BOTTOM OF THE 8TH |
Texas Longhorns batting - Pitching for Iowa Hawkeyes : LHP Peter Connolly
|
Batting: RHB Eugene Salazar
|
0-0: Called Strike 0-1: SINGLE (Flyball, 8RS)
|
Batting: RHB Edmond Magee
|
0-0: Ball 1-0: Bunt missed! 1-1: Bunted foul 1-2: Foul Ball, location: 2F 1-2: Ball 2-2: SINGLE (Line Drive, 89S) Eugene Salazar to second
|
Batting: LHB Arlen Powers
|
0-0: Ball 1-0: Called Strike 1-1: Swinging Strike 1-2: Strikes out swinging
|
Pitching: LHP Leonardo Canó
|
|
Batting: RHB Roberto Hernández
|
0-0: Swinging Strike 0-1: Ball 1-1: SINGLE (Line Drive, 78S) Eugene Salazar to third Edmond Magee to second
|
Batting: LHB Dave Tucker
|
0-0: Ball 1-0: Swinging Strike 1-1: Ball 2-1: Ball 3-1: Swinging Strike 3-2: Base on Balls Eugene Salazar scores Edmond Magee to third Roberto Hernández to second
|
Batting: SHB Randy Anderson
|
0-0: Ball 1-0: Called Strike 1-1: Foul Ball, location: 2F 1-2: Ball 2-2: Foul Ball, location: 2F 2-2: Ball 3-2: Base on Balls Edmond Magee scores Roberto Hernández to third Dave Tucker to second
|
Batting: RHB Joe Maynard
|
0-0: Ball 1-0: Foul Ball, location: 2F 1-1: Foul Ball, location: 2F 1-2: Ball 2-2: SINGLE (Groundball, 6) Roberto Hernández scores Dave Tucker to third Randy Anderson to second Runner from 3rd tries for Home, throw and OUT!
|
Batting: RHB Joe Rogers
|
0-0: Called Strike 0-1: Foul Ball, location: 2F 0-2: Strikes out looking
|
Bottom of the 8th over - 3 run(s), 4 hit(s), 0 error(s), 2 left on base; Iowa 3 - Texas 6 |
TOP OF THE 9TH |
Iowa Hawkeyes batting - Pitching for Texas Longhorns : RHP Shane Thompson
|
Pitching: LHP John Case
|
|
Now at C: José Wills
|
|
Now at 1B: John Burton
|
|
Batting: SHB Travis Martin
|
0-0: SINGLE (Line Drive, 9LS)
|
Batting: RHB Daryl Hale
|
0-0: Ball 1-0: Foul Ball, location: 2F 1-1: Ball 2-1: Fly out, F3 (Popup, 3F)
|
Batting: RHB Kelsey Scott
|
0-0: Called Strike 0-1: Ball 1-1: Foul Ball, location: 2F 1-2: Ball 2-2: Strikes out swinging
|
Batting: RHB Ed Nygaard
|
0-0: Ball 1-0: Called Strike 1-1: Called Strike 1-2: Strikes out swinging
|
Top of the 9th over - 0 run(s), 1 hit(s), 0 error(s), 1 left on base; Iowa 3 - Texas 6 |
|
Monday, December 5th, 2016 - OOTP Baseball 17.12 Build 75
|
|